 Dungeon Crawl Stone Soup version 0.29-a0-322-g68df515428 (webtiles) character file.

Game seed: 14858828353406680590

111 Essalna the Skirmisher (level 4, -2/41 HPs)
             Began as a Hill Orc Fighter on Apr 9, 2022.
             Killed from afar by an orc wizard (4 damage)
             ... with a magic dart
             ... on level 2 of the Dungeon.
             The game lasted 00:02:52 (2473 turns).

Essalna the Skirmisher (Hill Orc Fighter)           Turns: 2473, Time: 00:02:52

Health: -2/41      AC:  7    Str: 20    XL:     4   Next: 92%
Magic:  4/4        EV:  9    Int: 14    God:
Gold:   32         SH:  4    Dex: 10    Spells: 3/3 levels left

rFire   . . .      SeeInvis .   a - +0 war axe
rCold   . . .      Faith    .   c - +0 buckler
rNeg    . . .      Spirit   .   b - +0 scale mail
rPois   .          Reflect  .   (no helmet)
rElec   .          Harm     .   (no cloak)
rCorr   .          Rampage  .   (no gloves)
Will    .....                   (no boots)
Stlth   ..........              (no amulet)
HPRegen 0.13/turn               f - +6 ring of intelligence
MPRegen 0.09/turn               (no ring)

@: no status effects
A: no striking features
a: no special abilities


You were on level 2 of the Dungeon.
You visited 1 branch of the dungeon, and saw 3 of its levels.

You collected 32 gold pieces.

Inventory:

Hand Weapons
 a - a +0 war axe (weapon)
Armour
 b - a +0 scale mail (worn)
 c - a +0 buckler (worn)
Jewellery
 f - a +6 ring of intelligence (left hand)
Scrolls
 j - a scroll of teleportation {unknown}
 m - a scroll of identify {unknown}
Potions
 d - a potion of might
 e - 2 potions of attraction {unknown}
 g - a potion of cancellation {unknown}
 h - 2 potions of lignification {unknown}
 i - a potion of heal wounds {unknown}
 k - a potion of degeneration {unknown}
 l - 2 potions of mutation {unknown}


   Skills:
 + Level 4.5 Fighting
 + Level 4.0 Axes
 + Level 4.1 Armour
 + Level 4.1 Shields


You had 3 spell levels left.
You didn't know any spells.
Your spell library contained the following spells:

 Spells                   Type           Power      Damage    Failure   Level
 Ensorcelled Hibernation  Hex/Ice        0%         N/A       85%         2
 Passwall                 Tmut/Erth      0%         N/A       85%         2
 Swiftness                Air            0%         N/A       97%         3
 Fulminant Prism          Conj/Hex       0%         3d6       100%        4
 Iskenderun's Mystic Bla  Conj/Tloc      0%         2d3       100%        4
 Lee's Rapid Deconstruct  Erth           0%         3d5*      100%        5


Dungeon Overview and Level Annotations

Branches:
Dungeon (3/15)

Altars:

Shops:
D:2 =


Message History

You are too injured to fight recklessly!
You are too injured to fight recklessly!
The kobold barely misses you.
You miss the kobold. You barely miss something.
The kobold hits you but does no damage. Something hits you but does no damage.
Deactivating autopickup; reactivate with Ctrl-A.
You closely miss the kobold. You hit something.
You feel less confused. The kobold hits you but does no damage.
Something hits you but does no damage. The kobold hits you but does no damage.
Something hits you but does no damage.
You barely miss something. You hit the kobold.
The kobold hits you but does no damage.
You hear some strange, mumbled words.
A puff of flame appears from out of thin air!
The puff of flame hits you.
You closely miss something. You barely miss the kobold.
The kobold hits you with a +0 club. Something hits you.
You closely miss something. You hit the kobold.
You kill the kobold!
Something hits you but does no damage. You block something's attack.
You closely miss something. Something hits you.
You closely miss something. Something hits you.
You miss something. Something hits you but does no damage. Something hits you.
You barely miss something. Something hits you but does no damage.
You closely miss something.
You hear some strange, mumbled words.
A puff of flame appears from out of thin air!
The puff of flame hits you!
* * * LOW HITPOINT WARNING * * *
You miss something.
You hear some strange, mumbled words.
A magic dart appears from out of thin air!
The magic dart hits you.
* * * LOW HITPOINT WARNING * * *
Something hits you but does no damage.
You closely miss something.
You hear some strange, mumbled words.
A magic dart appears from out of thin air!
The magic dart hits you.
You die...

#......................
#.....####.#....#.#...#
#.....# #.#)<..#.....#
#####.# #.#.####...###
#.# #.#........###
#######'##
#.##..PP####≈#
#........#
#......≈#≈#≈≈#
#........####..≈≈P≈≈≈≈≈#
#......{@......≈≈≈≈≈≈≈##
######..)....≈.≈≈≈≈≈###
#.....≈.PP≈≈P≈###
#.....≈≈≈≈≈≈≈≈..##
#....P.P≈≈≈≈.≈...#
#....P≈P≈≈≈≈≈..#.###
#....≈P≈≈≈.≈.....#..
#..≈P≈≈≈≈≈.....#....
#...≈≈≈≈≈P..######..


There were no monsters in sight!

Vanquished Creatures
  An orc wizard (D:3)
  2 adders (D:2)
  2 dart slugs (D:1)
  An orc (D:3)
  9 ball pythons
  A bat (D:2)
  10 endoplasms
  3 giant cockroaches (D:1)
  3 goblins
  3 hobgoblins (D:1)
  8 jackals
  7 kobolds
  2 frilled lizards (D:1)
  5 rats
57 creatures vanquished.

Notes
Turn   | Place    | Note
-------+----------+-------------------------------------------
     0 | D:1      | Essalna the Hill Orc Fighter began the quest for the Orb.
     0 | D:1      | Reached XP level 1. HP: 19/19 MP: 1/1
    40 | D:1      | Reached XP level 2. HP: 23/27 MP: 2/2
   569 | D:1      | Reached XP level 3. HP: 33/33 MP: 3/3
   930 | D:1      | Found a faded altar of an unknown god.
  1339 | D:2      | Found Cesk's Jewellery Boutique.
  1603 | D:2      | Reached XP level 4. HP: 24/40 MP: 4/4
  2472 | D:2      | HP: 2/41 [something/magic dart (5)]
  2473 | D:2      | Killed from afar by an orc wizard

Illustrated notes

Levels and vault maps discovered:
D:1:      scummos_arrival_checkerplants, layout_basic, basic_ecumenical_altar
D:2:      layout_basic, serial_shops, nicolae_square_shop,
          minmay_misc_feat_alley, minivault_27, chequers_big_river
D:3:      layout_loops_cross, st_stairs_2, chequers_mini_garden

Skill      XL: |  1  2  3  4 |
---------------+-------------+-----
Axes           | 3 4 |  4.0
Fighting       | 4 |  4.5
Shields        | 4 |  4.1
Armour         | 4 |  4.1

Action                   |  1- 3 |  4- 6 || total
-------------------------+-------+-------++-------
Melee: War axe           |    94 |    56 ||   150
Armor: Scale mail        |    50 |    39 ||    89
Dodge: Dodged            |    50 |    22 ||    72
Block: Buckler           |    16 |    14 ||    30

Table legend: (Time is in decaauts)
 A = Elapsed time spent in this place.
 B = Non-inter-level travel time spent in this place.
 C = Inter-level travel time spent in this place.
 D = Time resting spent in this place.
 E = Time spent auto-exploring this place.
 F = Levels seen in this place.
 G = Mean time per level.
                   A        B        C        D        E       F      G
               +--------+--------+--------+--------+--------+-----+--------+
         Total |   2536 |   2512 |     24 |      0 |   2135 |   3 |  845.3 |
       Dungeon |   2536 |   2512 |     24 |      0 |   2135 |   3 |  845.3 |
               +--------+--------+--------+--------+--------+-----+--------+

Top non-repeatable levels by time:
     D:1: 1335 daAuts
     D:2: 1165 daAuts
     D:3: 35 daAuts
